 Dungeon Crawl Stone Soup version 0.32-a0-818-gb728d0252e (webtiles) character file.

Game seed: 17294641592964016133

279 greenreed the Digger (level 6, -1/43 (45) HPs)
             Began as a Draconian Earth Elementalist on Mar 23, 2024.
             Slain by Crazy Yiuf
             ... wielding a +4 quarterstaff of chaos
              (2 damage)
             ... while petrified by Crazy Yiuf
             ... on level 2 of the Dungeon.
             The game lasted 00:04:37 (2018 turns).

greenreed the Digger (Draconian Earth Elementalist) Turns: 2018, Time: 00:04:38

HP:   -1/43 (45)    AC:  6    Str: 10    XL:     6   Next: 5%
MP:   8/11          EV:  2    Int: 18    God:
Gold: 82            SH:  0    Dex: 11    Spells: 11/12 levels left

rFire   . . .        d - +1 dagger (holy)
rCold   . . .        i - orb {light}
rNeg    + + +        (body armour unavailable)
rPois   ∞            (helmet restricted)
rElec   .            (no cloak)
rCorr   .            (no gloves)
SInv    .            (no boots)
Will    .....        (no amulet)
Stlth   +            (no ring)
HPRegen 0.27/turn    (no ring)
MPRegen 0.12/turn

%: no passive effects
@: petrified, glowing, lightly drained
A: AC +6, unfitting armour, cold-blooded
a: no special abilities


You were on level 2 of the Dungeon.
You visited 1 branch of the dungeon, and saw 2 of its levels.

You collected 82 gold pieces.

Inventory:

Hand Weapons
 d - a +1 dagger of holy wrath (weapon)
Missiles
 h - 2 throwing nets
Armour
 i - an orb of light (worn)
Jewellery
 e - a ring of ice
Scrolls
 b - a scroll of noise {unknown}
 c - a scroll of immolation {unknown}
 f - 3 scrolls of identify {unknown}
 g - a scroll of vulnerability {unknown}
 j - a scroll of fog {unknown}
 k - a scroll of enchant weapon {unknown}
Potions
 a - 2 potions of magic
 l - a potion of lignification {unknown}
 m - a potion of cancellation {unknown}


   Skills:
 + Level 2.8 Dodging
 - Level 2.0 Stealth
 * Level 3.7 Spellcasting
 + Level 2.5 Conjurations
 * Level 4.5 Earth Magic


You had 11 spell levels left.
You knew the following spells:

 Your Spells              Type           Power      Damage    Failure   Level
a - Sandblast             Erth           38%        2d10      2%          1

Your spell library contained the following spells:

 Spells                   Type           Power      Damage    Failure   Level
 Passwall                 Erth           19%        N/A       7%          3
 Stone Arrow              Conj/Erth      32%        3d9       11%         3
 Brom's Barrelling Bould  Conj/Erth      16%        2d4       34%         4
 Petrify                  Alch/Erth      11%        N/A       52%         4


Dungeon Overview and Level Annotations

Branches:
Dungeon (2/15)

Altars:

Shops:
D:1 [

Annotations:
D:2 Crazy Yiuf


Innate Abilities, Weirdness & Mutations

Your plain brown scales are hard. (AC +6)
You cannot fit into any form of body armour.
You are cold-blooded and may be slowed by cold attacks.


Message History

You start resting.
HP restored.
Things that are here:
a +0 ring mail; a hobgoblin skeleton You see here a +0 dagger.
There is a stone staircase leading down here.
You climb downwards.
Level annotation: Crazy Yiuf
There is a stone staircase leading up here.
Crazy Yiuf shouts!
The blast of sand hits Crazy Yiuf but does no damage.
The blast of sand hits Crazy Yiuf.
Crazy Yiuf is lightly wounded.
Crazy Yiuf closely misses you.
The blast of sand hits Crazy Yiuf but does no damage.
Crazy Yiuf is lightly wounded.
Crazy Yiuf hits you with a +4 quarterstaff of chaos!
You are slowing down.
Crazy Yiuf hits you with a +4 quarterstaff of chaos.
Crazy Yiuf freezes you.
Unknown command.
The blast of sand hits Crazy Yiuf.
Crazy Yiuf is lightly wounded.
Crazy Yiuf hits you with a +4 quarterstaff of chaos!
Crazy Yiuf burns you.
Crazy Yiuf hits you with a +4 quarterstaff of chaos!
* * * LOW HITPOINT WARNING * * *
You feel drained.
* * * LOW HITPOINT WARNING * * *
You have turned to stone.
Crazy Yiuf grits, "Citrus bush infinity!"
Crazy Yiuf hits you with a +4 quarterstaff of chaos!
* * * LOW HITPOINT WARNING * * *
Crazy Yiuf hits you with a +4 quarterstaff of chaos.
* * * LOW HITPOINT WARNING * * *
Crazy Yiuf burns you.
* * * LOW HITPOINT WARNING * * *
Crazy Yiuf completely misses you.
Crazy Yiuf hits you with a +4 quarterstaff of chaos.
You die...

.# #.# #.#####.# #.## .###.#
#.#.....# #.# .....# #...#####
#.# .###.######....## ##.#
................## #..#
.................#####.## ####
.......................# ##...
................#...#### #..##
................@..## ###.###
...............g##.## ##......
................##÷.######....###
................###..........#...
.....[..........# ###<###.###..##
................#####.###.##.÷##
................#.....##..##.##
................#.###.##.....#
..................# #.....####


You could see Crazy Yiuf.

Vanquished Creatures
  Sigmund (D:2)
  Natasha (thrice) (D:2)
  2 dart slugs (D:1)
  5 bats
  2 endoplasms (D:1)
  7 goblins
  3 hobgoblins
  2 jackals (D:1)
  2 kobolds (D:2)
  A quokka (D:1)
  5 ball pythons
  3 frilled lizards (D:1)
  2 rats
38 creatures vanquished.

Notes
Turn   | Place    | Note
-------+----------+-------------------------------------------
     0 | D:1      | greenreed the Draconian Earth Elementalist began the quest
                  | for the Orb.
     0 | D:1      | Reached XP level 1. HP: 14/14 MP: 3/3
   147 | D:1      | Reached XP level 2. HP: 20/20 MP: 3/5
   219 | D:1      | Found Urehotur's Armour Boutique.
   646 | D:1      | Reached XP level 3. HP: 26/26 MP: 3/6
  1104 | D:2      | Noticed Sigmund
  1167 | D:2      | Noticed Natasha
  1172 | D:2      | Killed Natasha
  1367 | D:2      | Reached XP level 4. HP: 33/33 MP: 6/8
  1368 | D:2      | Noticed Natasha
  1373 | D:2      | Killed Natasha
  1476 | D:2      | Noticed Natasha
  1479 | D:2      | Killed Natasha
  1564 | D:2      | Killed Sigmund
  1565 | D:2      | Reached skill level 4 in Earth Magic
  1565 | D:2      | Reached XP level 5. HP: 32/38 MP: 2/10
  1565 | D:2      | Reached XP level 6. HP: 38/45 MP: 2/11
  1738 | D:2      | Found a runed translucent door.
  1739 | D:2      | Noticed Crazy Yiuf
  2016 | D:2      | HP: 2/43 [Crazy Yiuf/+4 quarterstaff of chaos (2)]
  2018 | D:2      | Slain by Crazy Yiuf

Illustrated notes

Levels and vault maps discovered:
D:1:      dpeg_arrival_pits, layout_basic, serial_shops, nicolae_shop_stone,
          kennysheep_minor_cross
D:2:      layout_rooms, wad_floor_pattern_1, uniq_natasha,
          uniq_crazy_yiuf_cottage, uniq_sigmund

Skill      XL: |  1  2  3  4 |
---------------+-------------+-----
Stealth        | 2 |  2.0
Dodging        | 2 |  2.8
Spellcasting   | 3 |  3.7
Conjurations   | 2 |  2.5
Earth Magic    | 4 |  4.5

Action                     |  1- 3 |  4- 6 || total
---------------------------+-------+-------++-------
  Melee: Unarmed           |     9 |       ||     9
         Tailslap          |     2 |     2 ||     4
         Punch             |     1 |       ||     1
         Dagger            |     5 |     7 ||    12
   Cast: Sandblast         |    49 |    22 ||    71
 Armour: Skin              |    22 |    24 ||    46
  Dodge: Dodged            |    24 |    14 ||    38

Table legend: (Time is in decaauts)
 A = Elapsed time spent in this place.
 B = Non-inter-level travel time spent in this place.
 C = Inter-level travel time spent in this place.
 D = Time resting spent in this place.
 E = Time spent auto-exploring this place.
 F = Levels seen in this place.
 G = Mean time per level.
                   A        B        C        D        E       F      G
               +--------+--------+--------+--------+--------+-----+--------+
         Total |   2067 |   1933 |    134 |    148 |   1445 |   2 | 1033.5 |
       Dungeon |   2067 |   1933 |    134 |    148 |   1445 |   2 | 1033.5 |
               +--------+--------+--------+--------+--------+-----+--------+

Top non-repeatable levels by time:
     D:1: 1211 daAuts
     D:2: 856 daAuts
